 Dungeon Crawl Stone Soup version 0.22-a0-240-g539252a (webtiles) character file.

241 wolfsongas the Cudgeler (level 6, 0/40 HPs)
             Began as a Gargoyle Fighter on Feb 22, 2018.
             Was an Initiate of Gozag.
             Killed from afar by Sigmund (5 damage)
             ... with a puff of flame
             ... on level 3 of the Dungeon.
             The game lasted 00:03:55 (1633 turns).

wolfsongas the Cudgeler (Gargoyle Fighter)          Turns: 1633, Time: 00:03:56

Health: 0/40       AC: 11    Str: 25    XL:     6   Next: 8%
Magic:  6/6        EV:  7    Int:  8    God:    Gozag
Gold:   226        SH:  9    Dex:  9    Spells: 5/5 levels left

rFire    . . .     SeeInvis .   a - +0 flail
rCold    . . .     Gourm    .   c - +0 shield
rNeg     + . .     Faith    .   b - +0 scale mail
rPois    ∞         Spirit   .   (no helmet)
rElec    +         Reflect  .   (no cloak)
rCorr    .         Harm     .   (no gloves)
MR       .....                  (no boots)
Stlth    +.........             (no amulet)
HPRegen  0.13/turn              k - +3 ring of strength
MPRegen  0.10/turn              g - ring of stealth

@: no status effects
A: negative energy resistance 1, electricity resistance, unbreathing,
petrification resistance, rot immunity, AC +4
a: Potion Petition, Call Merchant, Bribe Branch, Renounce Religion


You were on level 3 of the Dungeon.
You worshipped Gozag.
Gozag was aware of your devotion.
You were not hungry.

You visited 1 branch of the dungeon, and saw 3 of its levels.

You collected 256 gold pieces.
You paid 30 gold pieces to Gozag.

Inventory:

Hand Weapons
 a - a +0 flail (weapon)
Armour
 b - a +0 scale mail (worn)
 c - a +0 shield (worn)
Jewellery
 g - a ring of stealth (right hand)
 k - a +3 ring of strength (left hand)
Scrolls
 l - a scroll of noise {unknown}
 p - a scroll of magic mapping
Potions
 d - 2 potions of might
 e - 2 potions of curing
 h - 2 potions of lignification
 i - a potion of haste
 j - a potion of ambrosia
 m - a potion of flight
Comestibles
 f - 5 rations


   Skills:
 + Level 4.9 Fighting
 * Level 5.1 Maces & Flails
 + Level 3.3 Armour
 - Level 3.2 Shields


You had 5 spell levels left.
You didn't know any spells.

Dungeon Overview and Level Annotations

Branches:
Dungeon (3/15)

Altars:
Ashenzari
Gozag

Annotations:
D:3 Sigmund


Innate Abilities, Weirdness & Mutations

You are resistant to torment.
Your stone body is resilient. (AC +4)
You are immune to poison.
You resist negative energy. (rN+)
You are resistant to electric shocks. (rElec)
You can survive without breathing.
You are immune to petrification.
You are immune to rotting.


Message History

You're too confused to attack without stumbling around!
You're too confused to attack without stumbling around!
You're too confused to attack without stumbling around!
You're too confused to attack without stumbling around!
You're too confused to attack without stumbling around!
You bump into the rock wall.
You hear some strange, mumbled words.
Something tries to affect you, but you resist.
You bump into the rock wall.
Something hits you!
* * * LOW HITPOINT WARNING * * *
You closely miss something. You miss something. Something hits you.
* * * LOW HITPOINT WARNING * * *
You bump into the rock wall.
You feel less confused.
You hear some strange, mumbled words.
A puff of flame appears from out of thin air!
The puff of flame hits you!
You die...
Your body crumbles into a pile of gold.

*****,..##.#.#+....#.#.#.#.#.#.#.
,,,,,,,....<..#.>.#.#.#.#.#.#.#.#
********#....#...).#.#.#.#.#.#.#.
* #....+#.#.#.#.#.#.#.#.#.. *
###....#.#.#.#.#.#.#.#.#..# *
#.......########......###.# ***
#.......# #....#.# #.# ,,*
#.......########....#.# #.# ,,*
#.......'{@.........#.# #.. ,,*
#.......########....#.###(# ,,*
#.........,........).(.(.(# ***
#....)..########....####..#
#.......# #....# #..# #.......#
#....# ##.. #.......# ###### ###
#########


There were no monsters in sight!

Vanquished Creatures
  The ghost of Maxmaps the Skirmisher, an amateur DsWn of Okawaru (D:3)
  2 orc priests
  Jessica (D:2)
  3 adders
  3 worms (D:2)
  2 dart slugs
  3 leopard geckos
  2 orcs (D:3)
  6 hobgoblins
  4 kobolds
  2 bats
  3 frilled lizards
  2 goblins
  4 rats
38 creatures vanquished.

Notes
Turn   | Place    | Note
-------+----------+-------------------------------------------
     0 | D:1      | wolfsongas the Gargoyle Fighter began the quest for the Orb.
     0 | D:1      | Reached XP level 1. HP: 14/14 MP: 1/1
   210 | D:1      | Reached XP level 2. HP: 13/19 MP: 2/2
   516 | D:2      | Noticed Jessica
   523 | D:2      | Killed Jessica
   523 | D:2      | Reached skill level 3 in Maces & Flails
   523 | D:2      | Reached XP level 3. HP: 21/24 MP: 3/3
   704 | D:2      | Reached XP level 4. HP: 18/29 MP: 4/4
   827 | D:2      | Found an opulent altar of Gozag.
  1284 | D:2      | Became a worshipper of Gozag Ym Sagoz the Greedy
  1298 | D:2      | Reached skill level 4 in Maces & Flails
  1307 | D:3      | Reached XP level 5. HP: 34/34 MP: 5/5
  1338 | D:3      | Noticed Maxmaps's ghost (amateur DsWn)
  1354 | D:3      | Killed Maxmaps's ghost
  1354 | D:3      | Reached skill level 5 in Maces & Flails
  1496 | D:3      | Reached XP level 6. HP: 40/40 MP: 6/6
  1530 | D:3      | Found a shattered altar of Ashenzari.
  1603 | D:3      | Noticed Sigmund
  1633 | D:3      | Killed from afar by Sigmund

Vault maps used:
D:1:      giann_wishing_wells
D:2:      nicolae_gozag_seed_capital, first_ration, fountainhead, uniq_jessica
D:3:      old_standard_altar, minitemple, kennysheep_generic_room_7, uniq_robin,
          uniq_sigmund

Skill      XL: |  1  2  3  4  5 |
---------------+----------------+-----
Maces & Flails | 3 4 5 |  5.1
Fighting       | 4 |  4.9
Armour         | |  3.3
Shields        | |  3.2

Action                   |  1- 3 |  4- 6 || total
-------------------------+-------+-------++-------
Melee: Flail             |   104 |    76 ||   180
  Use: Scroll            |     5 |     5 ||    10
       Potion            |       |     2 ||     2
  Eat: Chunk             |       |     1 ||     1
       Ration            |       |     1 ||     1
Armor: Scale mail        |    46 |    24 ||    70
Dodge: Dodged            |    40 |    21 ||    61
Block: Shield            |    66 |    36 ||   102

Table legend:
 A = Spawn XP
 B = Non-spawn XP
 C = Spawn XP percentage of total XP
 D = Spawn monster count
 E = Non-spawn monster count
 F = Spawn count percentage of total count
 G = Total turns spent on level
                    A         B        C        D         E        F      G
               +---------+---------+-------+---------+---------+-------+---------
         Total |       0 |     345 |   0.0 |       0 |      38 |   0.0 |  1633
               +---------+---------+-------+---------+---------+-------+---------
           D:1 |       0 |      19 |   0.0 |       0 |      10 |   0.0 |   477
           D:2 |       0 |     133 |   0.0 |       0 |      15 |   0.0 |   821
           D:3 |       0 |     193 |   0.0 |       0 |      13 |   0.0 |   335
               +---------+---------+-------+---------+---------+-------+---------
